[Event "Titled Tuesday Blitz November 29 Late 2022"]
[White "Rangel, Daniel"]
[Black "Aldokhin, Ivan"]
[WhiteFideId "2124475"]
[BlackFideId "24115720"]
[WhiteElo "2225"]
[BlackElo "2313"]
[Result "1/2-1/2"]
[Round "05"]
[TimeControl "180+1"]
[Date "2022.11.30"]
[WhiteClock "0:00:11"]
[BlackClock "0:00:03"]

1. d4 Nf6 2. c4 g6 3. Nc3 Bg7 4. e4 d6 5. Nf3 O-O 6. Be2 Nc6 7. O-O Re8 8. d5 Nb4 9. a3 Na6 10. Rb1 e6 11. b4 exd5 12. exd5 Nb8 13. Bb2 a5 14. b5 Nbd7 15. Nd4 Nc5 16. b6 cxb6 17. Ncb5 Nfe4 18. Bf3 h5 19. g3 Bh3 20. Re1 Qd7 21. Qc2 Ng5 22. Bh1 Rxe1+ 23. Rxe1 Re8 24. Rxe8+ Qxe8 25. Qd1 Nd3 26. Bc3 Qe7 27. Qe2 Qxe2 28. Nxe2 Bf8 29. f4 Nh7 30. Bd4 Bd7 31. Bxb6 Bxb5 32. cxb5 Nf6 33. Bxa5 Nd7 34. Bc3 Bg7 35. Bxg7 Kxg7 36. a4 Nb2 37. a5 Nc5 38. Nc3 Nc4 39. a6 bxa6 40. bxa6 Nxa6 41. Kf2 Nc5 42. Ke2 f5 43. Bg2 Kf6 44. Kf3 Nd2+ 45. Ke2 Nc4 46. Kf3 Nd3 47. Bf1 Nd2+ 48. Ke2 Nxf1 49. Kxf1 Nb4 50. Ke2 Ke7 51. Ke3 Kf6 52. Kd4 Nc2+ 53. Kd3 Ne1+ 54. Ke2 Nc2 55. Kd3 Nb4+ 56. Kc4 Nc2 57. Kd3 1/2-1/2


[Site "https://www.chess.com"]

[Event "Titled Tuesday Blitz November 29 Late 2022"]
[White "Redzisz, Michal"]
[Black "Naroditsky, Daniel"]
[WhiteFideId "21816107"]
[BlackFideId "2026961"]
[WhiteElo "2136"]
[BlackElo "2628"]
[Result "0-1"]
[Round "05"]
[TimeControl "180+1"]
[Date "2022.11.30"]
[WhiteClock "0:00:13"]
[BlackClock "0:01:47"]

1. e4 c6 2. Nf3 d5 3. d3 Qc7 4. g3 e5 5. Bg2 Nf6 6. O-O Bd6 7. Re1 O-O 8. b3 Re8 9. Bb2 a5 10. a3 Bg4 11. Nbd2 Nbd7 12. h3 Bh5 13. Qb1 Bg6 14. Nh4 Nf8 15. c4 d4 16. Qc2 Ne6 17. Nf5 Bf8 18. Nf3 Rac8 19. Bc1 Nd7 20. Bd2 Ra8 21. b4 axb4 22. axb4 Qb6 23. c5 Qb5 24. Reb1 Ra6 25. Bf1 Rea8 26. Qb2 Nexc5 27. N5xd4 exd4 28. Nxd4 Qb6 29. Be3 Rxa1 30. Rxa1 Rxa1 31. Qxa1 Qxb4 32. Qa8 Qb6 33. Nf5 Bxf5 34. exf5 Qc7 35. f6 Qb8 36. Qa3 Ne6 37. Qc3 Nxf6 38. g4 Nd5 39. Qf6 Nxf6 0-1


[Site "https://www.chess.com"]

[Event "Titled Tuesday Blitz November 29 Late 2022"]
[White "Reprintsev, Alexander"]
[Black "Hardaway, Brewington"]
[WhiteFideId "14100541"]
[BlackFideId "30941849"]
[WhiteElo "2230"]
[BlackElo "2159"]
[Result "0-1"]
[Round "05"]
[TimeControl "180+1"]
[Date "2022.11.30"]
[WhiteClock "0:00:17"]
[BlackClock "0:00:03"]

1. e4 e5 2. f4 exf4 3. Bc4 Ne7 4. Nc3 Ng6 5. d4 Qh4+ 6. Kf1 c6 7. Nf3 Qd8 8. Ne2 d5 9. exd5 cxd5 10. Bb5+ Bd7 11. Bxd7+ Qxd7 12. Nxf4 Bd6 13. Qe2+ Kf8 14. Nxd5 Nc6 15. Bd2 Re8 16. Qd3 h5 17. Re1 Rxe1+ 18. Kxe1 h4 19. Kd1 Rh5 20. c4 b5 21. b3 bxc4 22. bxc4 Nce7 23. Nc3 Qg4 24. Kc2 Qxg2 25. Rg1 Qh3 26. Ne4 Bf4 27. Neg5 Qd7 28. Bxf4 Nxf4 29. Nh7+ Ke8 30. Qe4 Qa4+ 31. Kc1 Qa3+ 32. Kd1 Nd3 33. Qa8+ Kd7 34. Nf8+ Kc7 35. Kd2 Nb4 36. Re1 Qd3+ 37. Kc1 Qc2# 0-1


[Site "https://www.chess.com"]

[Event "Titled Tuesday Blitz November 29 Late 2022"]
[White "Rodriguez Santiago, Jaime"]
[Black "Calcada, Lucas Galvan"]
[WhiteFideId "3100898"]
[BlackFideId "22746099"]
[WhiteElo "2025"]
[BlackElo "1523"]
[Result "0-1"]
[Round "05"]
[TimeControl "180+1"]
[Date "2022.11.30"]
[WhiteClock "0:00:19"]
[BlackClock "0:00:15"]

1. c4 e5 2. Nc3 Nf6 3. g3 d5 4. cxd5 Nxd5 5. Bg2 Nb6 6. e3 Nc6 7. Nge2 Be7 8. O-O O-O 9. f4 Bf6 10. b3 exf4 11. Rxf4 Re8 12. Bb2 Nb4 13. d4 Rxe3 14. Ne4 Be7 15. Qf1 Be6 16. Nc5 Nd3 17. Nxe6 Rxe6 18. d5 Rxe2 19. Qxe2 Nxf4 20. gxf4 Nxd5 21. Rd1 c6 22. Bxd5 cxd5 23. Qg2 Bf6 24. Rxd5 Qb6+ 25. Kh1 Bxb2 26. Qxb2 Qc6 27. Qg2 Re8 28. h3 h6 29. Kh2 Qc1 30. Rd2 Qe1 31. f5 Qe5+ 32. Qg3 Qxf5 33. Rg2 Qe5 34. Qxe5 Rxe5 35. Rc2 Re7 36. Kg3 Kh7 37. h4 h5 38. Rc5 g6 39. Rc8 Kg7 40. Rc3 f6 41. a4 Kh6 42. a5 g5 43. hxg5+ fxg5 44. b4 Kg6 45. b5 h4+ 46. Kh3 Kh5 47. b6 g4+ 48. Kg2 axb6 49. axb6 Re2+ 50. Kf1 Rb2 51. Rc5+ Kg6 52. Rc4 Kg5 53. Rc5+ Kf4 54. Rc7 Rxb6 55. Rc4+ Kg3 56. Rc3+ Kh2 57. Rc2+ Kh3 58. Rc3+ g3 59. Rc1 Rf6+ 60. Kg1 b5 61. Rb1 Rb6 62. Rb4 Rb8 63. Rb3 b4 64. Rb1 b3 65. Rb2 Rb7 66. Kh1 Kg4 67. Kg2 h3+ 68. Kh1 Rc7 69. Rb1 b2 0-1


[Site "https://www.chess.com"]

[Event "Titled Tuesday Blitz November 29 Late 2022"]
[White "Rorrer, Grayson"]
[Black "Bortnyk, Olexandr"]
[WhiteFideId "30944996"]
[BlackFideId "14120828"]
[WhiteElo "2130"]
[BlackElo "2723"]
[Result "0-1"]
[Round "05"]
[TimeControl "180+1"]
[Date "2022.11.30"]
[WhiteClock "0:00:56"]
[BlackClock "0:00:17"]

1. e4 Nf6 2. e5 Nd5 3. d4 d6 4. Nf3 dxe5 5. Nxe5 c6 6. Be2 Bf5 7. O-O Nd7 8. Nf3 e6 9. a3 Bd6 10. c4 N5f6 11. Nc3 O-O 12. Bg5 Qc7 13. Bh4 Ne4 14. Nxe4 Bxe4 15. Bg3 Bxg3 16. hxg3 Bxf3 17. Bxf3 Rad8 18. Qc2 Nf6 19. Rfd1 Rd7 20. Rd2 Rfd8 21. Rad1 Qa5 22. Rd3 g6 23. b4 Qf5 24. Qc3 h5 25. Re1 a6 26. Rdd1 Rd6 27. Kf1 Nh7 28. Re5 Qf6 29. Qe3 Nf8 30. Re4 Nh7 31. Re5 Nf8 32. Re4 R6d7 33. Rf4 Qg7 34. Re4 Nh7 35. Re5 Nf6 36. Kg1 Kh7 37. Qf4 Kg8 38. Qe3 Re7 39. Qg5 Kf8 40. Qf4 Nd7 41. Re3 Qf6 42. Qd6 Ke8 43. Qc7 Nf8 44. Qe5 Qxe5 45. Rxe5 Nd7 46. Ree1 Nb6 47. c5 Nc4 48. Rd3 Red7 49. Red1 Nb2 0-1


[Site "https://www.chess.com"]

[Event "Titled Tuesday Blitz November 29 Late 2022"]
[White "Rose, Felix"]
[Black "Cappelletto, Joshuaede"]
[WhiteFideId "5105722"]
[BlackFideId "2824383"]
[WhiteElo "2039"]
[BlackElo "2237"]
[Result "1-0"]
[Round "05"]
[TimeControl "180+1"]
[Date "2022.11.30"]
[WhiteClock "0:00:12"]
[BlackClock "0:00:01"]

1. e4 c5 2. Nf3 d6 3. d4 cxd4 4. Nxd4 Nf6 5. Nc3 g6 6. Be3 Bg7 7. f3 O-O 8. Qd2 Nc6 9. O-O-O d5 10. exd5 Nxd5 11. Nxc6 bxc6 12. Bd4 e5 13. Bc5 Be6 14. Ne4 Re8 15. h4 h6 16. h5 g5 17. g4 Qc7 18. Bc4 Red8 19. Qf2 Rab8 20. Rd2 a5 21. a4 Qb7 22. b3 Bf8 23. Bxf8 Kxf8 24. Qc5+ Kg7 25. Qxa5 Ra8 26. Qc5 Rdb8 27. Nd6 Qc7 28. Re1 Ra5 29. Qa3 Nf4 30. Bxe6 Nxe6 31. Nf5+ Kh7 32. Rd6 Qa7 33. Red1 Rb7 34. Rxc6 Rc5 35. Rxc5 Nxc5 36. Rd5 Rc7 37. Qb4 e4 38. fxe4 Kg8 39. Kb1 Qa6 40. Qd4 f6 41. Rd8+ Kf7 42. Qd5+ Ne6 43. Rd7+ Rxd7 44. Qxd7+ Kg8 45. Nd6 Nf8 46. Qf7+ Kh8 47. Qxf8+ 1-0


[Site "https://www.chess.com"]

[Event "Titled Tuesday Blitz November 29 Late 2022"]
[White "Rosenberg, Evan S"]
[Black "Dias, Joao Batista"]
[WhiteFideId "2019299"]
[BlackFideId "2108240"]
[WhiteElo "2371"]
[BlackElo "1898"]
[Result "0-1"]
[Round "05"]
[TimeControl "180+1"]
[Date "2022.11.30"]
[WhiteClock "0:00:04"]
[BlackClock "0:01:08"]

1. d4 d5 2. Nf3 c6 3. c3 Nf6 4. Qc2 g6 5. Bf4 Bg7 6. h3 O-O 7. Nbd2 Re8 8. e3 Nbd7 9. Be2 Nh5 10. Bh2 e5 11. Nxe5 Nxe5 12. dxe5 Bxe5 13. Bxh5 Bxh2 14. Rxh2 gxh5 15. O-O-O Qg5 16. Nf3 Qg6 17. Qa4 b5 18. Qf4 Re4 19. Qc7 b4 20. Ne5 Qe6 21. Qd8+ Kg7 22. Qg5+ Kf8 23. Nd3 bxc3 24. Nc5 cxb2+ 25. Kb1 Qe5 26. Qh6+ Ke7 27. Nxe4 Qxh2 28. Qf6+ Kf8 29. Ng5 Qc7 30. Nxh7+ Ke8 31. Qh8+ Ke7 32. Qf8+ Ke6 33. Ng5+ Kf6 34. Qh6+ Ke7 35. Qxh5 Be6 36. Nxe6 Kxe6 37. Qg4+ Ke7 38. Qb4+ c5 39. Qh4+ Ke6 40. Qh6+ f6 41. e4 d4 42. Qh5 Rd8 43. Qf5+ Kf7 44. Kxb2 Rb8+ 45. Kc2 Qb7 46. Qh7+ Ke6 47. Qxb7 Rxb7 48. Kd3 Rb2 49. Rd2 c4+ 50. Ke2 c3 0-1


[Site "https://www.chess.com"]

[Event "Titled Tuesday Blitz November 29 Late 2022"]
[White "Rubio Tent, Francisco"]
[Black "Djordjevic, Vuk"]
[WhiteFideId "2238233"]
[BlackFideId "902098"]
[WhiteElo "2211"]
[BlackElo "2456"]
[Result "0-1"]
[Round "05"]
[TimeControl "180+1"]
[Date "2022.11.30"]
[WhiteClock "0:00:04"]
[BlackClock "0:01:19"]

1. e4 d5 2. e5 c5 3. c3 Bf5 4. d4 Nc6 5. Nf3 e6 6. a3 c4 7. Be2 Be7 8. Nbd2 g5 9. h3 h5 10. Nh2 h4 11. O-O Qd7 12. Ng4 O-O-O 13. b3 cxb3 14. Qxb3 f6 15. Bb2 fxe5 16. dxe5 Bc5 17. Rad1 Qc7 18. c4 d4 19. Nf3 Bxg4 20. hxg4 h3 21. g3 Nh6 22. Nxg5 Qxe5 23. Bf3 Qxg5 24. Kh2 Nxg4+ 25. Bxg4 Qxg4 26. Bc1 Qe4 27. Bf4 Qg2# 0-1


[Site "https://www.chess.com"]

[Event "Titled Tuesday Blitz November 29 Late 2022"]
[White "Rustemov, Alexander"]
[Black "Rodriguez Fontecha, Marcos"]
[WhiteFideId "4119002"]
[BlackFideId "2256576"]
[WhiteElo "2832"]
[BlackElo "2263"]
[Result "0-1"]
[Round "05"]
[TimeControl "180+1"]
[Date "2022.11.30"]
[WhiteClock "0:00:20"]
[BlackClock "0:00:04"]

1. d4 d5 2. c4 Nc6 3. Nf3 e5 4. dxe5 Bb4+ 5. Bd2 dxc4 6. Qa4 Qe7 7. e3 Bd7 8. Bxc4 Bxd2+ 9. Nbxd2 Nxe5 10. Bb5 Nd3+ 11. Ke2 Nc5 12. Bxd7+ Qxd7 13. Qxd7+ Nxd7 14. Rhc1 c6 15. Nb3 Ngf6 16. Na5 Rb8 17. b4 Ke7 18. Nd4 g6 19. Ndxc6+ bxc6 20. Nxc6+ Ke6 21. Nxb8 Rxb8 22. a3 Ne5 23. f4 Neg4 24. h3 Nh6 25. g4 Nd5 26. Rc6+ Ke7 27. Ra6 Rb7 28. g5 Nf5 29. e4 Nc7 30. Ra4 Nd6 31. Kf3 Ncb5 32. Rc1 Kd7 33. Ke3 Rb8 34. Rc5 Rb7 35. h4 Nc7 36. Raa5 Ne6 37. f5 Nxc5 38. Rxc5 gxf5 39. exf5 Rb5 40. Rxb5 Nxb5 41. a4 Nc3 42. a5 Nd5+ 43. Ke4 Nxb4 44. h5 Ke7 45. h6 Nc6 46. a6 Kf8 47. Kd5 Nb8 48. Ke5 Nxa6 49. g6 fxg6 50. fxg6 Kg8 51. g7 Nc7 52. Kd6 Ne8+ 53. Ke7 Nxg7 54. hxg7 Kxg7 0-1


[Site "https://www.chess.com"]

[Event "Titled Tuesday Blitz November 29 Late 2022"]
[White "Sadhwani, Raunak"]
[Black "Mekhitarian, Krikor Sevag"]
[WhiteFideId "35093487"]
[BlackFideId "2107660"]
[WhiteElo "2656"]
[BlackElo "2604"]
[Result "1-0"]
[Round "05"]
[TimeControl "180+1"]
[Date "2022.11.30"]
[WhiteClock "0:01:28"]
[BlackClock "0:00:10"]

1. c4 c5 2. Nf3 Nc6 3. Nc3 Nf6 4. b3 b6 5. Bb2 Bb7 6. g3 g6 7. Nd5 Bg7 8. Bxf6 exf6 9. Bg2 f5 10. Rc1 O-O 11. O-O Re8 12. e3 Ne7 13. Nxe7+ Rxe7 14. d4 d6 15. Ne1 Bxg2 16. Nxg2 cxd4 17. exd4 d5 18. c5 bxc5 19. dxc5 d4 20. Qd3 a5 21. Rfe1 Rxe1+ 22. Nxe1 Qd5 23. Qf3 Qe4 24. Kg2 Rc8 25. Nd3 g5 26. Re1 Qxf3+ 27. Kxf3 h5 28. h3 g4+ 29. Kg2 Bf6 30. h4 Kf8 31. Kf1 Rb8 32. Rc1 Ke7 33. Nf4 Kd7 34. Ke2 Kc6 35. Kd3 Be5 36. Ne2 Rb4 37. Rc4 Rxc4 38. Kxc4 d3 39. Kxd3 Kxc5 40. a3 f6 41. Nf4 Bxf4 42. gxf4 Kd5 43. b4 axb4 44. axb4 Kd6 45. Kc4 Kc6 46. b5+ Kb6 47. Kb4 Kc7 48. Kc5 Kb7 49. b6 Kb8 50. Kd6 Kb7 51. Ke6 Kxb6 52. Kxf6 Kc5 53. Kxf5 Kd4 54. Kg5 Ke4 55. f5 Kf3 56. Kxh5 Kxf2 57. Kxg4 1-0


[Site "https://www.chess.com"]

[Event "Titled Tuesday Blitz November 29 Late 2022"]
[White "Sailer, Mike"]
[Black "Bas Mas, Jose Joaquin"]
[WhiteFideId "2012901"]
[BlackFideId "22219064"]
[WhiteElo "2109"]
[BlackElo "2233"]
[Result "1-0"]
[Round "05"]
[TimeControl "180+1"]
[Date "2022.11.30"]
[WhiteClock "0:00:30"]
[BlackClock "0:00:02"]

1. Nf3 b6 2. g3 Bb7 3. Bg2 g6 4. O-O Bg7 5. c4 Nf6 6. Nc3 e6 7. b4 a5 8. b5 O-O 9. a4 d6 10. Bb2 Nbd7 11. d3 e5 12. e3 Nc5 13. Qc2 Rb8 14. Rfd1 Re8 15. Ne1 Bxg2 16. Nxg2 d5 17. cxd5 Nxd5 18. Nxd5 Qxd5 19. d4 exd4 20. Bxd4 Qb3 21. Qe2 Bxd4 22. Rxd4 Ne4 23. Nf4 Ng5 24. h4 Ne4 25. Rd7 Nc5 26. Rxc7 Nxa4 27. Rac1 Nc5 28. Rd1 a4 29. Nd5 a3 30. Nf6+ Kg7 31. Nxe8+ Rxe8 32. Ra7 h5 33. Qd2 Re4 34. Qd5 Qxd5 35. Rxd5 Na4 36. Rd4 Rxd4 37. exd4 Nc3 38. Rxa3 Nxb5 39. Rd3 Nd6 40. Kf1 Kf6 41. Ke2 Ke6 42. Kd2 Kd5 43. Kc3 Ne4+ 44. Kb4 Nxf2 45. Rf3 Ne4 46. Rxf7 Nxg3 47. Rd7+ Kc6 48. Rg7 Nf5 49. Rxg6+ Kc7 50. Kc4 Nxh4 51. Rh6 Nf5 52. Rxh5 Nd6+ 53. Kd5 b5 54. Rh7+ Kb6 55. Rh6 Kc7 56. Rxd6 b4 57. Kc5 b3 58. Rb6 b2 59. Rxb2 1-0


[Site "https://www.chess.com"]

[Event "Titled Tuesday Blitz November 29 Late 2022"]
[White "Salem, A.R. Saleh"]
[Black "Zhigalko, Sergei"]
[WhiteFideId "9301348"]
[BlackFideId "13502956"]
[WhiteElo "2628"]
[BlackElo "2662"]
[Result "1-0"]
[Round "05"]
[TimeControl "180+1"]
[Date "2022.11.30"]
[WhiteClock "0:00:14"]
[BlackClock "0:00:02"]

1. d4 Nf6 2. c4 e6 3. Nc3 Bb4 4. a3 Bxc3+ 5. bxc3 O-O 6. f3 d5 7. cxd5 exd5 8. e3 Bf5 9. Ne2 Re8 10. Kf2 Nbd7 11. h3 h6 12. g4 Bh7 13. h4 Nf8 14. g5 hxg5 15. hxg5 N6d7 16. f4 f6 17. g6 Bxg6 18. Ng3 f5 19. Bd3 Nf6 20. Kg1 Qd7 21. Ra2 Re7 22. Rah2 Rae8 23. Qf3 Ng4 24. Rh8+ Kf7 25. Nf1 Qe6 26. a4 Qd6 27. c4 c6 28. R1h4 Nd7 29. cxd5 cxd5 30. Ba3 Qxa3 31. Qxd5+ Kf6 32. Rxg4 Qxd3 33. Rxg6+ Kxg6 34. Rxe8 Nf6 35. Qg2+ Kf7 36. Rxe7+ Kxe7 37. Qxb7+ Kf8 38. Qa8+ Kf7 39. Qxa7+ Kg8 40. Qc5 Ng4 41. Qd5+ Kh8 42. Qh1+ Kg8 43. a5 Qa3 44. Qa8+ Kh7 45. Qh1+ Kg8 46. Qd5+ Kh8 47. Qxf5 Nf6 48. Qc8+ Kh7 49. Qc5 Qa2 50. Qf5+ Kh8 51. Qc8+ Kh7 52. a6 Kh6 53. Qh3+ Kg6 54. Qg2+ Qxg2+ 55. Kxg2 Nd5 56. a7 Nc7 57. e4 1-0


[Site "https://www.chess.com"]

[Event "Titled Tuesday Blitz November 29 Late 2022"]
[White "Salman, Pavel"]
[Black "Wieczorek, Zbigniew"]
[WhiteFideId "24153753"]
[BlackFideId "1102001"]
[WhiteElo "2187"]
[BlackElo "2319"]
[Result "1-0"]
[Round "05"]
[TimeControl "180+1"]
[Date "2022.11.30"]
[WhiteClock "0:00:18"]
[BlackClock "0:00:01"]

1. Nf3 g6 2. g3 Bg7 3. Bg2 Nf6 4. O-O d5 5. d3 c6 6. Nbd2 O-O 7. e4 Bg4 8. h3 Bxf3 9. Qxf3 Nbd7 10. Qe2 e5 11. Kh1 Re8 12. c3 dxe4 13. dxe4 Nc5 14. Nc4 Qd3 15. Qxd3 Nxd3 16. Nd6 Re6 17. Nxb7 Rb8 18. Na5 Nxc1 19. Raxc1 Rxb2 20. a3 Ra2 21. Nc4 Bh6 22. Rb1 Rc2 23. Rb3 Nd7 24. Rb8+ Kg7 25. Rb7 Nc5 26. Rxa7 Rxc3 27. Nb6 Nd3 28. a4 Rc2 29. a5 Nxf2+ 30. Kh2 Be3 31. Rc7 Rf6 32. Re1 Bd4 33. Nd7 Rd6 34. a6 Ra2 35. Nb8 Rf6 36. Rxc6 Rxc6 37. Nxc6 Rxa6 38. Nxd4 exd4 39. Re2 Nd1 40. Rd2 Ne3 41. Bf3 Rd6 42. Kg1 Nc4 43. Rd1 Ne5 44. Kf2 f6 45. Bg2 g5 46. Bf1 Kg6 47. Ra1 Rb6 48. Ra2 Rb3 49. Be2 Re3 50. Rd2 Rxe4 51. Bd1 f5 52. Bc2 1-0


[Site "https://www.chess.com"]

[Event "Titled Tuesday Blitz November 29 Late 2022"]
[White "Sanchez, Robert"]
[Black "Fareh, Youness"]
[WhiteFideId "2034360"]
[BlackFideId "9000526"]
[WhiteElo "2321"]
[BlackElo "1845"]
[Result "1-0"]
[Round "05"]
[TimeControl "180+1"]
[Date "2022.11.30"]
[WhiteClock "0:00:56"]
[BlackClock "0:00:06"]

1. e4 c5 2. Nf3 e6 3. d4 cxd4 4. Nxd4 Nf6 5. Nc3 Nc6 6. Nxc6 bxc6 7. Bd3 Be7 8. O-O O-O 9. e5 Nd5 10. Nxd5 cxd5 11. f4 d6 12. Rf3 Ba6 13. Rh3 Bxd3 14. Qxd3 g6 15. Be3 f6 16. exd6 Bxd6 17. Rf1 Qc7 18. g4 Bc5 19. f5 Bxe3+ 20. Rxe3 exf5 21. Qxd5+ Qf7 22. Qxf7+ Rxf7 23. gxf5 Rb8 24. b3 Rb4 25. c4 a5 26. Re8+ Kg7 27. Ra8 a4 28. Rxa4 Rxa4 29. bxa4 Ra7 30. Rc1 Rxa4 31. Rc2 gxf5 32. Kf2 Ra3 33. c5 Kf7 34. c6 Ra8 35. c7 Rc8 36. Kf3 Ke6 37. Kf4 h6 38. a4 Kd7 39. Kxf5 Ra8 40. c8=Q+ Rxc8 41. Rxc8 Kxc8 42. Kxf6 1-0


[Site "https://www.chess.com"]

[Event "Titled Tuesday Blitz November 29 Late 2022"]
[White "Santos Flores, Alberto"]
[Black "Perez Torres, Nabi Isaias"]
[WhiteFideId "3601234"]
[BlackFideId "5120373"]
[WhiteElo "2235"]
[BlackElo "1915"]
[Result "1-0"]
[Round "05"]
[TimeControl "180+1"]
[Date "2022.11.30"]
[WhiteClock "0:00:09"]
[BlackClock "0:00:03"]

1. d4 Nf6 2. Nf3 g6 3. Bf4 Bg7 4. e3 d6 5. h3 c5 6. c3 O-O 7. Nbd2 cxd4 8. cxd4 b5 9. Bxb5 Qb6 10. Qb3 Ba6 11. Bxa6 Qxa6 12. Qc4 Rc8 13. Qxa6 Nxa6 14. O-O Rc2 15. b3 Rac8 16. Nc4 Nd5 17. Bg3 Nb6 18. Rfc1 Rxc1+ 19. Rxc1 d5 20. Nfd2 dxc4 21. bxc4 e6 22. Kf1 Bf8 23. c5 Nd5 24. Rb1 Bg7 25. Rb7 e5 26. Nf3 exd4 27. exd4 Nab4 28. Rxa7 Nc6 29. Rd7 Rd8 30. Rxd8+ Nxd8 31. Ke2 Nc6 32. Kd3 f5 33. Kc4 Nce7 34. Bd6 Kf7 35. a4 Ke6 36. Ng5+ Kd7 37. Nxh7 Kc6 38. Ng5 Nc8 39. Bb8 Nc7 40. Bxc7 Kxc7 41. d5 Be5 42. a5 Kb7 43. d6 Kc6 44. Ne6 Na7 45. Nd4+ Kd7 46. a6 Bh2 47. Kd5 Nc8 48. c6+ Kd8 49. Ne6+ Ke8 50. d7+ 1-0


[Site "https://www.chess.com"]

[Event "Titled Tuesday Blitz November 29 Late 2022"]
[White "Savic, Miroslav"]
[Black "Rios Escobar, Adan"]
[WhiteFideId "14508494"]
[BlackFideId "3403645"]
[WhiteElo "2209"]
[BlackElo "2297"]
[Result "0-1"]
[Round "05"]
[TimeControl "180+1"]
[Date "2022.11.30"]
[WhiteClock "0:00:05"]
[BlackClock "0:00:28"]

1. Nf3 Nf6 2. c4 g6 3. Nc3 Bg7 4. e4 d6 5. d4 O-O 6. Be2 Na6 7. O-O e5 8. d5 Nc5 9. Qc2 a5 10. Be3 b6 11. a3 a4 12. Nd2 Bd7 13. Bxc5 bxc5 14. b3 axb3 15. Nxb3 Ne8 16. a4 f5 17. a5 Nf6 18. f3 Nh5 19. g3 Bh6 20. exf5 gxf5 21. f4 Nf6 22. fxe5 dxe5 23. Nxc5 Be3+ 24. Kh1 Bxc5 25. a6 Bd4 26. Ra2 Ng4 27. Bxg4 fxg4 28. Raa1 Rxa6 29. Rae1 Raf6 30. Qd3 Bxc3 31. Rxf6 Qxf6 32. Qxc3 Qf3+ 33. Qxf3 gxf3 34. Rf1 Bh3 35. Rf2 e4 36. c5 e3 37. Rf1 Bxf1 38. d6 Bh3 39. dxc7 f2 40. c8=Q f1=Q# 0-1


[Site "https://www.chess.com"]

[Event "Titled Tuesday Blitz November 29 Late 2022"]
[White "Seletsky, Grigory"]
[Black "Cruz Gomez, Miguel Angel"]
[WhiteFideId "14112191"]
[BlackFideId "5137160"]
[WhiteElo "2492"]
[BlackElo "2126"]
[Result "1-0"]
[Round "05"]
[TimeControl "180+1"]
[Date "2022.11.30"]
[WhiteClock "0:00:06"]
[BlackClock "0:00:26"]

1. e4 c5 2. Nf3 e6 3. d4 cxd4 4. Nxd4 Nc6 5. Nc3 Qc7 6. Ndb5 Qb8 7. a4 a6 8. Na3 Nf6 9. Be3 Qc7 10. Nc4 d6 11. Nb6 Rb8 12. a5 Be7 13. Be2 O-O 14. O-O Bd7 15. f4 Rfd8 16. g4 Be8 17. g5 Nd7 18. h4 Nc5 19. Bf3 Bf8 20. Nc4 Nb4 21. Qe2 d5 22. exd5 exd5 23. Bg2 d4 24. Bf2 dxc3 25. bxc3 Nd5 26. Qf3 Qxf4 27. Bd4 Qxf3 28. Rxf3 Nc7 29. Be5 Rbc8 30. Nb6 N7e6 31. Nxc8 Rxc8 32. Rb1 Rd8 33. Rf2 Bd6 34. Bd4 Nxd4 35. cxd4 Ne6 36. c3 Bc6 37. Bxc6 bxc6 38. Kg2 Nc7 39. Rb7 Kf8 40. Kh3 Ke8 41. Kg4 Rd7 42. Re2+ Ne6 43. Rb6 Kd8 44. Rxc6 Bc7 45. Rxa6 Rd5 46. Ra8+ Kd7 47. a6 Ra5 48. Rb2 Ra3 49. Rb7 Kc6 50. Rc8 Rxa6 51. Rb4 Kd7 52. Rg8 Rd6 53. Rh8 h6 54. Rh7 hxg5 55. hxg5 Ke7 56. Rc4 Bd8 57. Rh8 Rd7 58. g6 Bc7 59. gxf7 Kxf7 60. Rc6 Nf8 61. Rh5 Bd6 62. Rf5+ Ke8 63. Rd5 Be7 64. Rxd7 Kxd7 65. Ra6 Ne6 66. Kf5 Bd6 67. Kg6 Bf8 68. Kf7 Bd6 69. d5 Bc7 70. dxe6+ Kd8 71. e7+ 1-0


[Site "https://www.chess.com"]

[Event "Titled Tuesday Blitz November 29 Late 2022"]
[White "Shankland, Sam"]
[Black "Pham, Khoi"]
[WhiteFideId "2004887"]
[BlackFideId "1054988"]
[WhiteElo "2612"]
[BlackElo "2499"]
[Result "1-0"]
[Round "05"]
[TimeControl "180+1"]
[Date "2022.11.30"]
[WhiteClock "0:02:28"]
[BlackClock "0:02:15"]

1. d4 d5 2. c4 c6 3. Nc3 Nf6 4. e3 e6 5. Nf3 Nbd7 6. Be2 b6 7. O-O Bb7 8. b3 Bd6 9. Bb2 O-O 10. Bd3 Rc8 11. Rc1 Re8 12. Re1 c5 13. cxd5 Nxd5 14. Nxd5 Bxd5 15. Bb5 Qe7 16. e4 Ba8 17. Bxd7 Qxd7 18. dxc5 Rxc5 19. Rxc5 bxc5 20. e5 Bxf3 21. gxf3 1-0


[Site "https://www.chess.com"]

[Event "Titled Tuesday Blitz November 29 Late 2022"]
[White "Shimanov, Aleksandr"]
[Black "Carlsen, Magnus"]
[WhiteFideId "4198603"]
[BlackFideId "1503014"]
[WhiteElo "2605"]
[BlackElo "2830"]
[Result "0-1"]
[Round "05"]
[TimeControl "180+1"]
[Date "2022.11.30"]
[WhiteClock "0:00:05"]
[BlackClock "0:00:18"]

1. g3 h5 2. Nf3 h4 3. Nxh4 e5 4. d3 Rxh4 5. gxh4 Qxh4 6. e3 d5 7. Nd2 Nc6 8. Nf3 Qh5 9. Be2 Bg4 10. h3 Nf6 11. Rg1 Qxh3 12. Ng5 Qh2 13. Rxg4 Nxg4 14. Bxg4 Qg1+ 15. Kd2 Qxf2+ 16. Qe2 Qh4 17. Nh3 g6 18. Qg2 Bh6 19. c3 d4 20. Ke2 dxe3 21. Bf3 O-O-O 22. Bxe3 Bxe3 23. Kxe3 f5 24. Bxc6 bxc6 25. Nf2 e4 26. d4 Qh6+ 27. Ke2 Qh5+ 28. Ke3 f4+ 29. Kxf4 Rf8+ 30. Ke3 Rf3+ 31. Kd2 e3+ 32. Kd3 exf2+ 33. Kc2 Qf5+ 0-1


[Site "https://www.chess.com"]

[Event "Titled Tuesday Blitz November 29 Late 2022"]
[White "Sokolovsky, Yahli"]
[Black "Haszon, David"]
[WhiteFideId "2820242"]
[BlackFideId "733610"]
[WhiteElo "2316"]
[BlackElo "2211"]
[Result "1-0"]
[Round "05"]
[TimeControl "180+1"]
[Date "2022.11.30"]
[WhiteClock "0:00:53"]
[BlackClock "0:00:50"]

1. b3 e5 2. Bb2 Nc6 3. e3 d6 4. d4 exd4 5. exd4 d5 6. Nf3 Nf6 7. Bb5 Bb4+ 8. c3 Qe7+ 9. Ne5 Bd6 10. O-O O-O 11. f4 Bxe5 12. fxe5 Ne4 13. Ba3 Qg5 14. Bxf8 Qe3+ 15. Kh1 Nf2+ 16. Rxf2 Qxf2 17. Ba3 Bg4 18. Qf1 Qe3 19. Bc1 Qe4 20. Bd3 1-0


[Site "https://www.chess.com"]

[Event "Titled Tuesday Blitz November 29 Late 2022"]
[White "Stanisz, Patryk"]
[Black "Winkels, Marcel"]
[WhiteFideId "1123106"]
[BlackFideId "1003887"]
[WhiteElo "2069"]
[BlackElo "1900"]
[Result "0-1"]
[Round "05"]
[TimeControl "180+1"]
[Date "2022.11.30"]
[WhiteClock "0:00:01"]
[BlackClock "0:00:39"]

1. Nf3 Nf6 2. c4 g6 3. Nc3 Bg7 4. e4 d6 5. d4 O-O 6. h3 c5 7. d5 e6 8. Bd3 exd5 9. cxd5 b5 10. a4 b4 11. Ne2 Re8 12. Ng3 Nxd5 13. O-O Nf6 14. Bb5 Rf8 15. Bf4 d5 16. e5 Ne4 17. Qe2 Nxg3 18. Bxg3 Be6 19. Rac1 Nd7 20. Rfd1 Rb8 21. Bxd7 Qxd7 22. Rxc5 Qxa4 23. Nd4 Rfc8 24. b3 Qd7 25. Rdc1 Bf8 26. Rxc8 Rxc8 27. Rf1 a5 28. f4 Bc5 29. Bf2 Qa7 30. Qd2 a4 31. bxa4 Bxd4 32. Bxd4 Qxa4 33. f5 Bxf5 34. Rxf5 gxf5 35. Qg5+ Kf8 36. e6 Qd1+ 37. Kh2 Qxd4 38. e7+ Ke8 39. Qg8+ Kd7 40. Qxf7 Qe5+ 41. Kg1 Rc1+ 42. Kf2 Qf4+ 43. Ke2 Rc2+ 44. Ke1 Qd2+ 45. Kf1 Rc1# 0-1


[Site "https://www.chess.com"]